 Dungeon Crawl Stone Soup version 0.29.0-4-gdea44cf6ec (webtiles) character file.

Game seed: 7279303232061607984

52586 qw the Brawler (level 14, -8/136 (140) HPs)
             Began as a Troll Cinder Acolyte on Sept 1, 2022.
             Was an Elder of Okawaru.
             Mangled by Lodul
             ... wielding a +0 dire flail
              (21 damage)
             ... on level 11 of the Dungeon.
             The game lasted 00:08:44 (15287 turns).

qw the Brawler (Troll Cinder Acolyte)              Turns: 15287, Time: 00:08:45

HP:   -8/136 (140)  AC: 17    Str: 33 (34) XL:     14   Next: 27%
MP:   14/18         EV:  9    Int: 14      God:    Okawaru [****..]
Gold: 1335          SH:  5    Dex:  4      Spells: 15/15 levels left

rFire   x . .      SeeInvis +     - Unarmed
rCold   + + .      Faith    .   (no shield)
rNeg    . . .      Spirit   .   p - +0 ice dragon scales
rPois   +          Reflect  +   (helmet restricted)
rElec   .          Harm     .   (no cloak)
rCorr   .          Rampage  .   (gloves unavailable)
Will    +....      Clarity  +   (boots unavailable)
Stlth   +.........              h - amulet of reflection
HPRegen 1.12/turn               k - +6 ring of strength
MPRegen 0.16/turn               n - ring of see invisible

@: heroic, finesse-ful, lightly drained
A: large, unfitting armour, claws 3, regeneration 1, shaggy fur 1, tough skin 1,
iridescent scales 1, clarity, clever 1, deterioration 1, poison resistance
a: Renounce Religion, Heroism, Finesse


You were on level 11 of the Dungeon.
You worshipped Okawaru.
Okawaru was greatly pleased with you.
You visited 2 branches of the dungeon, and saw 16 of its levels.

You collected 1335 gold pieces.


Innate Abilities, Weirdness & Mutations

You are too large for most types of armour.
You have claws for hands.
Your natural rate of healing is unusually fast.
You are covered in fur. (AC +1)
You have tough skin. (AC +1)
You are partially covered in iridescent scales. (AC +2)
You possess an exceptional clarity of mind.
Your mind is acute. (Int +4, Str/Dex -1)
Your body sometimes deteriorates upon taking damage.
Your system is resistant to poisons. (rPois)


   Skills:
 - Level 9.1(14.1) Fighting
 - Level 6.8(11.8) Throwing
 - Level 5.0(10.0) Armour
 - Level 1.0(6.0) Dodging
 + Level 19.4(24.4) Unarmed Combat
 - Level 1.0 Spellcasting
 - Level 2.1 Fire Magic
 + Level 7.1 Invocations


You had 15 spell levels left.
You didn't know any spells.
Your spell library contained the following spells:

 Spells                   Type           Power      Damage    Failure   Level
 Scorch                   Fire           12%        2d6       30%         2

Inventory:

Armour
 m - a +0 troll leather armour
 p - +0 ice dragon scales (worn)
 q - +0 fire dragon scales
Jewellery
 h - an amulet of reflection (around neck)
 i - a +6 ring of strength
 k - a +6 ring of strength (left claw)
 n - a ring of see invisible (right claw)
 o - a ring of see invisible
Wands
 c - a wand of digging (6)
Scrolls
 f - 4 scrolls of identify
 t - a scroll of enchant weapon
Potions
 a - 12 potions of curing
 b - a potion of ambrosia {unknown}
 e - a potion of might
 l - 2 potions of resistance

Dungeon Overview and Level Annotations

Branches:
Dungeon (11/15)            Temple (0/1) D:4            Lair (5/5) D:10
  Swamp (0/4) Lair:3        Snake (0/4) Lair:3        Slime (0/5) Lair:4
    Orc: D:9-12

Altars:
Elyvilon
Hepliaklqana
Makhleb
Okawaru
Sif Muna
Uskayaw
Wu Jian
Xom
Zin
Jiyva

Annotations:
D:11 Lodul
Lair:4 4 runed translucent doors, qw's ghost, journeyman TrCA
Lair:5 1 runed translucent door, qw's ghost, journeyman TrCA


Message History

You closely miss the warg.
The warg is heavily wounded.
You scratch the warg. Your claw misses the warg.
The warg is severely wounded.
The ogre hits you with a +0 giant club! The warg bites you but does no damage.
The orc priest begins to cast a cantrip, but forgets the words!
An orc wizard comes into view. It is wielding a +0 dagger.
15277 ||| READING scroll of teleportation.
As you read the scroll of teleportation, it crumbles to dust.
You feel strangely unstable.
The orc wizard shouts!
The warg bites you but does no damage. The ogre closely misses you.
The ogre barely misses you.
You eviscerate the warg!!!
You kill the warg!
Okawaru accepts your kill.
You claw the ogre!
The ogre is moderately wounded.
The ogre hits you with a +0 giant club.
You eviscerate the ogre!!!
You kill the ogre!
Okawaru accepts your kill.
You claw the ogre!
The ogre is moderately wounded.
15282 ||| Stepping ~*~*~tactically~*~*~ (outnumbered).
The ogre attacks as you move away! The ogre hits you with a +0 giant club!
Your surroundings suddenly seem different.
An orc comes into view. It is wielding a +0 hand axe.
The ogre shouts! x2
The orc wizard casts a spell.
The orc wizard flickers and vanishes for a moment.
You barely miss Lodul. You mangle Lodul!!
Lodul is heavily wounded.
You claw Lodul!
Lodul is heavily wounded.
You mangle Lodul!!
Lodul is almost dead.
Lodul hits you with a +0 dire flail!!
You die...

#.......#.....# .....
#.......#.....# ....
#.......#.....# . #...
#.......#.....### ..##...
#.......#....>'.. .......
#########.....###
.......##########.....# ..o.
#.....o.o.OO......#
....##...@OooOO%O......# (.
....o....ooo......#######
.o...........o.......# #.
...(##...............# #.
.h.(##...............# #<
#....................### ##
#......................#####
......[..............#.##...
......$................##.##


You could see Lodul, 5 ogres, an orc priest, 2 orc wizards and 6 orcs.

Vanquished Creatures
  Fannar (Lair:3)
  Harold (D:11)
  11 hydras
  3 catoblepae
  2 two-headed ogres
  A deep troll shaman (Lair:5)
  13 death yaks
  A manticore (D:11)
  12 elephants
  2 black mambas
  11 cane toads
  2 gargoyles
  3 rime drakes
  5 komodo dragons
  2 trolls (D:11)
  3 polar bears (Lair:5)
  Prince Ribbit (D:6)
  34 blink frogs
  7 dream sheep (Lair:4)
  3 wyverns
  7 humans (D:8)
  19 yaks
  2 basilisks
  Eustachio (D:6)
  8 vampire mosquitoes
  3 steam dragons
  A warg (D:11)
  15 fire elementals
  4 nagas (Lair:3)
  An acid dragon (D:10)
  9 water moccasins
  An ice beast (D:8)
  A sky beast (D:7)
  6 orc warriors
  10 black bears
  5 centaurs
  An ogre (D:11)
  16 wolves
  3 kobold brigands
  Blork the orc (D:6)
  10 bullfrogs
  4 scorpions
  5 wights (D:8)
  3 killer bees (D:8)
  3 howler monkeys
  2 electric eels (D:10)
  9 orc priests
  9 hounds
  A gnoll bouda (D:8)
  4 iguanas
  Ijyb (D:8)
  Terence (D:2)
  12 orc wizards
  5 adders
  15 gnolls
  2 white imps (D:6)
  3 ufetubi
  A worm (D:3)
  2 dart slugs
  31 orcs
  4 endoplasms
  2 giant cockroaches (D:2)
  3 hobgoblins
  5 jackals
  5 quokkas
  6 ball pythons
  4 bats
  6 frilled lizards
  5 goblins
  22 kobolds
  4 rats
421 creatures vanquished.

Vanquished Creatures (others)
  Psyche (D:9)
  19 fungi
  24 plants
  4 toadstools (D:1)
48 creatures vanquished.

Grand Total: 469 creatures vanquished

Notes
Turn   | Place    | Note
-------+----------+-------------------------------------------
     0 | D:1      | qw the Troll Cinder Acolyte began the quest for the Orb.
     0 | D:1      | Reached XP level 1. HP: 22/22 MP: 1/1
     0 | D:1      | 0 ||| qw: Version: 0.1-a-97-g2dd2ca4
     0 | D:1      | 0 ||| qw: Game counter: 4844
     0 | D:1      | 0 ||| qw: Always use a shield: true
     0 | D:1      | 0 ||| qw: God list: Okawaru
     0 | D:1      | 0 ||| qw: Allow faded altars: false
     0 | D:1      | 0 ||| qw: Do Orc after D:15 true
     0 | D:1      | 0 ||| qw: Do second Lair branch before Depths: true
     0 | D:1      | 0 ||| qw: Lair rune preference: random
     0 | D:1      | 0 ||| qw: Plans: Normal
     0 | D:1      | 0 ||| PLANNING D:1-11
   181 | D:1      | Reached XP level 2. HP: 29/29 MP: 2/2
   251 | D:1      | 251 ||| Stepping ~*~*~tactically~*~*~ (outnumbered).
   252 | D:1      | 252 ||| Stepping ~*~*~tactically~*~*~ (outnumbered).
   253 | D:1      | 253 ||| Stepping ~*~*~tactically~*~*~ (outnumbered).
   254 | D:1      | 254 ||| Stepping ~*~*~tactically~*~*~ (outnumbered).
   255 | D:1      | 255 ||| Stepping ~*~*~tactically~*~*~ (outnumbered).
   256 | D:1      | 256 ||| Stepping ~*~*~tactically~*~*~ (outnumbered).
   675 | D:1      | 675 ||| UPGRADING to +1 robe of willpower.
   685 | D:1      | 685 ||| DROPPING +0 robe.
   686 | D:1      | 686 ||| DROPPING ring of flight.
   687 | D:1      | 687 ||| READING scroll labelled WAGORUG WULLIE.
   766 | D:2      | Reached skill level 4 in Unarmed Combat
   788 | D:2      | Noticed Terence
   798 | D:2      | 798 ||| Stepping ~*~*~tactically~*~*~ (outnumbered).
   801 | D:2      | Killed Terence
   802 | D:2      | Reached XP level 3. HP: 36/36 MP: 3/3
  1126 | D:2      | Found a hide-covered altar of Uskayaw.
  1399 | D:2      | 1399 ||| READING scroll labelled WIEDEO FUCK.
  1500 | D:2      | 1500 ||| READING scroll labelled REEPPYIRUTO.
  1501 | D:2      | 1501 ||| DRINKING 2 fuming white potions.
  1501 | D:2      | Gained mutation: Your system is resistant to poisons.
                  | (rPois) [potion of mutation]
  1501 | D:2      | Gained mutation: You are strong-willed. (Will+) [potion of
                  | mutation]
  1501 | D:2      | Gained mutation: Armour fits poorly on your strangely
                  | shaped body. [potion of mutation]
  1501 | D:2      | Gained mutation: Your flesh is heat resistant. (rF+)
                  | [potion of mutation]
  1502 | D:2      | 1502 ||| DRINKING potion of mutation.
  1502 | D:2      | Lost mutation: You are strong-willed. (Will+) [potion of
                  | mutation]
  1502 | D:2      | Lost mutation: Armour fits poorly on your strangely shaped
                  | body. [potion of mutation]
  1502 | D:2      | Lost mutation: Your flesh is heat resistant. (rF+) [potion
                  | of mutation]
  1502 | D:2      | Gained mutation: You are partially covered in iridescent
                  | scales. (AC +2) [potion of mutation]
  1502 | D:2      | Gained mutation: You possess an exceptional clarity of
                  | mind. [potion of mutation]
  1502 | D:2      | Gained mutation: Your body sometimes deteriorates upon
                  | taking damage. [potion of mutation]
  1502 | D:2      | Gained mutation: Your mind is acute. (Int +4, Str/Dex -1)
                  | [potion of mutation]
  1503 | D:2      | 1503 ||| DRINKING 2 viscous blue potions.
  1504 | D:2      | 1504 ||| DROPPING potion of degeneration.
  1591 | D:3      | Found a faded altar of an unknown god.
  1634 | D:3      | Reached skill level 5 in Unarmed Combat
  1634 | D:3      | Reached XP level 4. HP: 44/44 MP: 4/4
  1709 | D:3      | 1709 ||| INVOKING Fiery Armour.
  1710 | D:3      | 1710 ||| Stepping ~*~*~tactically~*~*~ (outnumbered).
  2088 | D:3      | 2088 ||| UPGRADING to +6 ring of strength.
  2089 | D:3      | 2089 ||| READING scroll labelled FUAWULLEDGH.
  2090 | D:3      | 2090 ||| READING 2 scrolls labelled QEHIOF TUALOAB.
  2091 | D:3      | 2091 ||| READING scroll labelled COVVOH ZORIJYF.
  2092 | D:3      | 2092 ||| READING scroll labelled VUSUHE OHEDGH.
  2093 | D:3      | 2093 ||| READING scroll labelled FAFONI KOGYM.
  2094 | D:3      | 2094 ||| READING scroll labelled GAFAOH YJIM.
  2098 | D:3      | 2098 ||| READING scroll labelled UWIMONYETO.
  2099 | D:3      | 2099 ||| DRINKING 2 fuming cyan potions.
  2100 | D:3      | 2100 ||| DRINKING 2 green potions.
  2205 | D:3      | 2205 ||| READING 3 scrolls of identify.
  2205 | D:3      | 2205 ||| IDENTIFYING orange potion
  2206 | D:3      | 2206 ||| READING 2 scrolls of identify.
  2206 | D:3      | 2206 ||| IDENTIFYING bubbling yellow potion
  2207 | D:3      | 2207 ||| DROPPING potion of magic.
  2208 | D:3      | 2208 ||| DROPPING potion of berserk rage.
  2209 | D:3      | 2209 ||| DROPPING scroll of immolation.
  2317 | D:4      | Reached XP level 5. HP: 50/50 MP: 5/5
  2543 | D:4      | Reached skill level 6 in Unarmed Combat
  2637 | D:4      | Found a staircase to the Ecumenical Temple.
  2861 | D:4      | Noticed a black bear
  2868 | D:4      | Killed a black bear
  2869 | D:4      | Reached XP level 6. HP: 59/59 MP: 6/6
  3159 | D:4      | 3159 ||| DROPPING ring of wizardry.
  3160 | D:4      | 3160 ||| READING 2 scrolls labelled FONLOALEDI.
  3161 | D:4      | 3161 ||| READING 2 scrolls of identify.
  3161 | D:4      | 3161 ||| IDENTIFYING purple potion
  3162 | D:4      | 3162 ||| DROPPING potion of flight.
  3163 | D:4      | 3163 ||| DROPPING scroll of summoning.
  3189 | D:5      | Entered Level 5 of the Dungeon
  3202 | D:5      | 3202 ||| Stepping ~*~*~tactically~*~*~ (hiding).
  3203 | D:5      | 3203 ||| Stepping ~*~*~tactically~*~*~ (hiding).
  3204 | D:5      | 3204 ||| Stepping ~*~*~tactically~*~*~ (hiding).
  3205 | D:5      | 3205 ||| INVOKING Fiery Armour.
  3214 | D:5      | Reached skill level 7 in Unarmed Combat
  3214 | D:5      | 3214 ||| Stepping ~*~*~tactically~*~*~ (outnumbered).
  3255 | D:5      | 3255 ||| Stepping ~*~*~tactically~*~*~ (hiding).
  3258 | D:5      | 3258 ||| Stepping ~*~*~tactically~*~*~ (hiding).
  3261 | D:5      | Reached XP level 7. HP: 66/66 MP: 7/7
  3297 | D:5      | 3297 ||| Stepping ~*~*~tactically~*~*~ (outnumbered).
  3298 | D:5      | 3298 ||| Stepping ~*~*~tactically~*~*~ (outnumbered).
  3299 | D:5      | 3299 ||| Stepping ~*~*~tactically~*~*~ (outnumbered).
  3300 | D:5      | 3300 ||| Stepping ~*~*~tactically~*~*~ (outnumbered).
  3326 | D:5      | Found a hide-covered altar of Uskayaw.
  3398 | D:5      | 3398 ||| Stepping ~*~*~tactically~*~*~ (hiding).
  3407 | D:5      | Reached skill level 8 in Unarmed Combat
  3498 | D:5      | 3498 ||| Stepping ~*~*~tactically~*~*~ (stealth).
  3502 | D:5      | 3502 ||| Stepping ~*~*~tactically~*~*~ (stealth).
  3507 | D:5      | Reached skill level 3 in Fighting
  3695 | D:5      | 3695 ||| Stepping ~*~*~tactically~*~*~ (stealth).
  3699 | D:5      | 3699 ||| Stepping ~*~*~tactically~*~*~ (hiding).
  3700 | D:5      | 3700 ||| Stepping ~*~*~tactically~*~*~ (hiding).
  3702 | D:5      | 3702 ||| Stepping ~*~*~tactically~*~*~ (hiding).
  3703 | D:5      | 3703 ||| Stepping ~*~*~tactically~*~*~ (hiding).
  3722 | D:5      | 3722 ||| UPGRADING to +6 ring of strength.
  3737 | D:6      | 3737 ||| Stepping ~*~*~tactically~*~*~ (stealth).
  3738 | D:6      | 3738 ||| Stepping ~*~*~tactically~*~*~ (stealth).
  3739 | D:6      | 3739 ||| Stepping ~*~*~tactically~*~*~ (stealth).
  3742 | D:6      | 3742 ||| Stepping ~*~*~tactically~*~*~ (stealth).
  3743 | D:6      | 3743 ||| Stepping ~*~*~tactically~*~*~ (stealth).
  3744 | D:6      | 3744 ||| Stepping ~*~*~tactically~*~*~ (stealth).
  3751 | D:6      | 3751 ||| Stepping ~*~*~tactically~*~*~ (stealth).
  3752 | D:6      | 3752 ||| Stepping ~*~*~tactically~*~*~ (stealth).
  3753 | D:6      | 3753 ||| Stepping ~*~*~tactically~*~*~ (stealth).
  3754 | D:6      | 3754 ||| Stepping ~*~*~tactically~*~*~ (stealth).
  3756 | D:6      | 3756 ||| Stepping ~*~*~tactically~*~*~ (stealth).
  3758 | D:6      | 3758 ||| Stepping ~*~*~tactically~*~*~ (outnumbered).
  3760 | D:6      | 3760 ||| Stepping ~*~*~tactically~*~*~ (outnumbered).
  3761 | D:6      | 3761 ||| Stepping ~*~*~tactically~*~*~ (outnumbered).
  3763 | D:6      | 3763 ||| STAIRDANCE
  3768 | D:6      | 3768 ||| Stepping ~*~*~tactically~*~*~ (outnumbered).
  3769 | D:6      | 3769 ||| Stepping ~*~*~tactically~*~*~ (outnumbered).
  3770 | D:6      | 3770 ||| Stepping ~*~*~tactically~*~*~ (outnumbered).
  3773 | D:6      | 3773 ||| Stepping ~*~*~tactically~*~*~ (outnumbered).
  3774 | D:6      | 3774 ||| Stepping ~*~*~tactically~*~*~ (outnumbered).
  3775 | D:6      | 3775 ||| Stepping ~*~*~tactically~*~*~ (outnumbered).
  3777 | D:6      | 3777 ||| Stepping ~*~*~tactically~*~*~ (outnumbered).
  3778 | D:6      | 3778 ||| Stepping ~*~*~tactically~*~*~ (outnumbered).
  3780 | D:6      | 3780 ||| Stepping ~*~*~tactically~*~*~ (outnumbered).
  3781 | D:6      | 3781 ||| Stepping ~*~*~tactically~*~*~ (outnumbered).
  3783 | D:6      | 3783 ||| Stepping ~*~*~tactically~*~*~ (outnumbered).
  3790 | D:6      | Reached skill level 9 in Unarmed Combat
  3833 | D:6      | Reached XP level 8. HP: 75/75 MP: 8/8
  3846 | D:6      | Noticed Blork the orc
  3847 | D:6      | 3847 ||| Stepping ~*~*~tactically~*~*~ (hiding).
  3848 | D:6      | 3848 ||| Stepping ~*~*~tactically~*~*~ (hiding).
  3854 | D:6      | Killed Blork the orc
  3865 | D:6      | 3865 ||| Stepping ~*~*~tactically~*~*~ (hiding).
  3866 | D:6      | 3866 ||| Stepping ~*~*~tactically~*~*~ (hiding).
  3899 | D:6      | 3899 ||| Stepping ~*~*~tactically~*~*~ (stealth).
  3903 | D:6      | 3903 ||| Stepping ~*~*~tactically~*~*~ (hiding).
  3906 | D:6      | 3906 ||| Stepping ~*~*~tactically~*~*~ (hiding).
  3940 | D:6      | Reached skill level 10 in Unarmed Combat
  3957 | D:6      | 3957 ||| Stepping ~*~*~tactically~*~*~ (hiding).
  3960 | D:6      | 3960 ||| Stepping ~*~*~tactically~*~*~ (hiding).
  3961 | D:6      | 3961 ||| Stepping ~*~*~tactically~*~*~ (hiding).
  3962 | D:6      | 3962 ||| Stepping ~*~*~tactically~*~*~ (hiding).
  3966 | D:6      | 3966 ||| Stepping ~*~*~tactically~*~*~ (outnumbered).
  3967 | D:6      | 3967 ||| Stepping ~*~*~tactically~*~*~ (outnumbered).
  3968 | D:6      | 3968 ||| Stepping ~*~*~tactically~*~*~ (outnumbered).
  3969 | D:6      | 3969 ||| Stepping ~*~*~tactically~*~*~ (outnumbered).
  3970 | D:6      | 3970 ||| Stepping ~*~*~tactically~*~*~ (outnumbered).
  4125 | D:6      | 4125 ||| Stepping ~*~*~tactically~*~*~ (hiding).
  4126 | D:6      | 4126 ||| Stepping ~*~*~tactically~*~*~ (hiding).
  4127 | D:6      | 4127 ||| Stepping ~*~*~tactically~*~*~ (hiding).
  4251 | D:6      | 4251 ||| READING scroll labelled NUT OTATUCA.
  4252 | D:6      | 4252 ||| READING 3 scrolls of identify.
  4252 | D:6      | 4252 ||| IDENTIFYING ruby potion
  4253 | D:6      | 4253 ||| DROPPING potion of attraction.
  4254 | D:6      | 4254 ||| READING 4 scrolls of teleportation.
  4611 | D:6      | Noticed Prince Ribbit
  4612 | D:6      | 4612 ||| DROPPING orb of energy.
  4613 | D:6      | 4613 ||| READING 2 scrolls of identify.
  4613 | D:6      | 4613 ||| IDENTIFYING fuming sapphire potion
  4614 | D:6      | 4614 ||| DROPPING potion of brilliance.
  4615 | D:6      | 4615 ||| READING 3 scrolls of teleportation.
  4757 | D:6      | 4757 ||| READING 2 scrolls of teleportation.
  4834 | D:6      | 4834 ||| READING scroll of teleportation.
  4838 | D:6      | Noticed Eustachio
  4842 | D:6      | 4842 ||| INVOKING Fiery Armour.
  4857 | D:6      | Killed Prince Ribbit
  4864 | D:6      | 4864 ||| Stepping ~*~*~tactically~*~*~ (outnumbered).
  4873 | D:6      | Killed Eustachio
  5026 | D:7      | Reached skill level 3 in Throwing
  5032 | D:7      | Identified the +0 helmet of the Lute {Rampage rElec MP-9
                  | Slay+3}
  5054 | D:7      | 5054 ||| Stepping ~*~*~tactically~*~*~ (stealth).
  5056 | D:7      | 5056 ||| Stepping ~*~*~tactically~*~*~ (hiding).
  5183 | D:7      | Reached XP level 9. HP: 84/84 MP: 9/9
  5266 | D:7      | 5266 ||| Stepping ~*~*~tactically~*~*~ (stealth).
  5268 | D:7      | 5268 ||| Stepping ~*~*~tactically~*~*~ (stealth).
  5270 | D:7      | 5270 ||| Stepping ~*~*~tactically~*~*~ (stealth).
  5276 | D:7      | 5276 ||| Stepping ~*~*~tactically~*~*~ (outnumbered).
  5278 | D:7      | 5278 ||| Stepping ~*~*~tactically~*~*~ (outnumbered).
  5280 | D:7      | 5280 ||| Stepping ~*~*~tactically~*~*~ (outnumbered).
  5281 | D:7      | 5281 ||| Stepping ~*~*~tactically~*~*~ (outnumbered).
  5284 | D:7      | 5284 ||| Stepping ~*~*~tactically~*~*~ (outnumbered).
  5285 | D:7      | 5285 ||| Stepping ~*~*~tactically~*~*~ (outnumbered).
  5286 | D:7      | 5286 ||| Stepping ~*~*~tactically~*~*~ (outnumbered).
  5287 | D:7      | 5287 ||| Stepping ~*~*~tactically~*~*~ (outnumbered).
  5291 | D:7      | 5291 ||| Stepping ~*~*~tactically~*~*~ (stealth).
  5363 | D:7      | 5363 ||| Stepping ~*~*~tactically~*~*~ (stealth).
  5364 | D:7      | 5364 ||| INVOKING Fiery Armour.
  5366 | D:7      | Reached skill level 11 in Unarmed Combat
  5369 | D:7      | 5369 ||| Stepping ~*~*~tactically~*~*~ (outnumbered).
  5370 | D:7      | 5370 ||| Stepping ~*~*~tactically~*~*~ (outnumbered).
  5376 | D:7      | 5376 ||| Stepping ~*~*~tactically~*~*~ (outnumbered).
  5379 | D:7      | Reached skill level 1 in Dodging
  5413 | D:7      | 5413 ||| Stepping ~*~*~tactically~*~*~ (stealth).
  5758 | D:7      | Found a glowing silver altar of Zin.
  5758 | D:7      | Found an ornate altar of the Wu Jian Council.
  5938 | D:7      | 5938 ||| DROPPING +6 ring of intelligence.
  5939 | D:7      | 5939 ||| DROPPING ring of resist corrosion.
  5940 | D:7      | 5940 ||| READING 2 scrolls of identify.
  5940 | D:7      | 5940 ||| IDENTIFYING sedimented puce potion
  5956 | D:8      | 5956 ||| Stepping ~*~*~tactically~*~*~ (outnumbered).
  5957 | D:8      | 5957 ||| Stepping ~*~*~tactically~*~*~ (outnumbered).
  5958 | D:8      | 5958 ||| Stepping ~*~*~tactically~*~*~ (outnumbered).
  5959 | D:8      | 5959 ||| Stepping ~*~*~tactically~*~*~ (outnumbered).
  5960 | D:8      | 5960 ||| Stepping ~*~*~tactically~*~*~ (outnumbered).
  5961 | D:8      | 5961 ||| Stepping ~*~*~tactically~*~*~ (outnumbered).
  6072 | D:8      | 6072 ||| INVOKING Fiery Armour.
  6072 | D:8      | Noticed Ijyb
  6075 | D:8      | Reached skill level 12 in Unarmed Combat
  6077 | D:8      | 6077 ||| Stepping ~*~*~tactically~*~*~ (outnumbered).
  6078 | D:8      | 6078 ||| Stepping ~*~*~tactically~*~*~ (outnumbered).
  6101 | D:8      | Reached XP level 10. HP: 96/96 MP: 10/10
  6108 | D:8      | Killed Ijyb
  6126 | D:8      | Reached skill level 13 in Unarmed Combat
  6232 | D:8      | 6232 ||| Stepping ~*~*~tactically~*~*~ (stealth).
  6505 | D:8      | 6505 ||| Stepping ~*~*~tactically~*~*~ (stealth).
  6568 | D:8      | 6568 ||| Stepping ~*~*~tactically~*~*~ (stealth).
  6569 | D:8      | 6569 ||| Stepping ~*~*~tactically~*~*~ (stealth).
  6581 | D:8      | 6581 ||| Stepping ~*~*~tactically~*~*~ (stealth).
  6582 | D:8      | 6582 ||| Stepping ~*~*~tactically~*~*~ (stealth).
  6589 | D:8      | Found a white marble altar of Elyvilon.
  6597 | D:8      | 6597 ||| Stepping ~*~*~tactically~*~*~ (outnumbered).
  6628 | D:8      | Noticed a two-headed ogre
  6635 | D:8      | Killed a two-headed ogre
  6636 | D:8      | Reached skill level 14 in Unarmed Combat
  6789 | D:8      | Found a hazy altar of Hepliaklqana.
  6881 | D:8      | 6881 ||| READING scroll labelled OPSIAJOGHI.
  6936 | D:9      | Noticed Psyche
  6939 | D:9      | 6939 ||| Stepping ~*~*~tactically~*~*~ (hiding).
  6943 | D:9      | 6943 ||| INVOKING Fiery Armour.
  6948 | D:9      | Killed Psyche
  6995 | D:9      | 6995 ||| Stepping ~*~*~tactically~*~*~ (hiding).
  7002 | D:9      | 7002 ||| Stepping ~*~*~tactically~*~*~ (outnumbered).
  7003 | D:9      | 7003 ||| Stepping ~*~*~tactically~*~*~ (hiding).
  7014 | D:9      | 7014 ||| Stepping ~*~*~tactically~*~*~ (outnumbered).
  7015 | D:9      | 7015 ||| Stepping ~*~*~tactically~*~*~ (outnumbered).
  7097 | D:9      | 7097 ||| Stepping ~*~*~tactically~*~*~ (hiding).
  7106 | D:9      | 7106 ||| Stepping ~*~*~tactically~*~*~ (outnumbered).
  7114 | D:9      | Reached skill level 6 in Fighting
  7151 | D:9      | 7151 ||| Stepping ~*~*~tactically~*~*~ (hiding).
  7163 | D:9      | 7163 ||| Stepping ~*~*~tactically~*~*~ (stealth).
  7168 | D:9      | 7168 ||| Stepping ~*~*~tactically~*~*~ (stealth).
  7341 | D:9      | 7341 ||| Stepping ~*~*~tactically~*~*~ (stealth).
  7679 | D:9      | 7679 ||| Stepping ~*~*~tactically~*~*~ (hiding).
  7790 | D:9      | Found an iron altar of Okawaru.
  7802 | D:9      | 7802 ||| READING scroll labelled MAKHLI IWI YVEYTU.
  7847 | D:9      | 7847 ||| READING 3 scrolls of identify.
  7847 | D:9      | 7847 ||| IDENTIFYING golden potion
  7857 | D:10     | Entered Level 10 of the Dungeon
  8008 | D:10     | 8008 ||| Stepping ~*~*~tactically~*~*~ (hiding).
  8009 | D:10     | 8009 ||| Stepping ~*~*~tactically~*~*~ (hiding).
  8016 | D:10     | 8016 ||| Stepping ~*~*~tactically~*~*~ (hiding).
  8020 | D:10     | 8020 ||| Stepping ~*~*~tactically~*~*~ (hiding).
  8021 | D:10     | 8021 ||| Stepping ~*~*~tactically~*~*~ (hiding).
  8027 | D:10     | 8027 ||| Stepping ~*~*~tactically~*~*~ (stealth).
  8032 | D:10     | 8032 ||| Stepping ~*~*~tactically~*~*~ (stealth).
  8055 | D:10     | Found a shimmering blue altar of Sif Muna.
  8057 | D:10     | 8057 ||| Stepping randomly (stuck).
  8058 | D:10     | 8058 ||| Stepping randomly (stuck).
  8063 | D:10     | Reached XP level 11. HP: 105/105 MP: 11/11
  8169 | D:10     | 8169 ||| Stepping ~*~*~tactically~*~*~ (hiding).
  8170 | D:10     | 8170 ||| Stepping ~*~*~tactically~*~*~ (hiding).
  8183 | D:10     | 8183 ||| Stepping ~*~*~tactically~*~*~ (hiding).
  8282 | D:10     | Noticed a two-headed ogre
  8286 | D:10     | Killed a two-headed ogre
  8462 | D:10     | 8462 ||| FLEEEEING.
  8463 | D:10     | 8463 ||| FLEEEEING.
  8465 | D:10     | 8465 ||| STAIRDANCE
  8486 | D:9      | 8486 ||| READING 3 scrolls of identify.
  8486 | D:9      | 8486 ||| IDENTIFYING clear potion
  8487 | D:9      | 8487 ||| DROPPING potion of lignification.
  8522 | D:10     | Found a burning altar of Makhleb.
  8523 | D:10     | 8523 ||| Stepping ~*~*~tactically~*~*~ (hiding).
  8534 | D:10     | Reached skill level 15 in Unarmed Combat
  8722 | D:10     | Found a staircase to the Lair.
  8754 | D:10     | 8754 ||| PLANNING LAIR
  8779 | Lair:1   | Entered Level 1 of the Lair of Beasts
  8786 | Lair:1   | 8786 ||| Stepping ~*~*~tactically~*~*~ (stealth).
  8787 | Lair:1   | 8787 ||| Stepping ~*~*~tactically~*~*~ (stealth).
  8789 | Lair:1   | 8789 ||| Stepping ~*~*~tactically~*~*~ (stealth).
  8790 | Lair:1   | Noticed a four-headed hydra
  8791 | Lair:1   | 8791 ||| INVOKING Fiery Armour.
  8799 | Lair:1   | Killed a seven-headed hydra
  8902 | Lair:1   | Noticed a six-headed hydra
  8903 | Lair:1   | 8903 ||| INVOKING Fiery Armour.
  8908 | Lair:1   | Killed an eight-headed hydra
  8979 | Lair:1   | 8979 ||| Stepping ~*~*~tactically~*~*~ (stealth).
  8988 | Lair:1   | Reached skill level 16 in Unarmed Combat
  9061 | Lair:1   | 9061 ||| Stepping ~*~*~tactically~*~*~ (hiding).
  9062 | Lair:1   | 9062 ||| Stepping ~*~*~tactically~*~*~ (hiding).
  9632 | Lair:1   | 9632 ||| UPGRADING to +0 ice dragon scales.
  9642 | Lair:1   | 9642 ||| UPGRADING to amulet of reflection.
  9647 | Lair:1   | 9647 ||| DROPPING amulet of guardian spirit.
  9648 | Lair:1   | 9648 ||| DROPPING amulet of the acrobat.
  9649 | Lair:1   | 9649 ||| READING 2 scrolls labelled PUMPEA QUOTAR.
  9650 | Lair:1   | 9650 ||| READING scroll labelled TOIFFOJIGU.
  9651 | Lair:1   | 9651 ||| DROPPING scroll of noise.
  9686 | Lair:2   | Reached skill level 1 in Armour
  9735 | Lair:2   | Noticed a death yak
  9735 | Lair:2   | Noticed a death yak
  9735 | Lair:2   | Noticed a death yak
  9736 | Lair:2   | 9736 ||| INVOKING Fiery Armour.
  9739 | Lair:2   | Noticed a death yak
  9739 | Lair:2   | Noticed a death yak
  9740 | Lair:2   | 9740 ||| Stepping ~*~*~tactically~*~*~ (stealth).
  9740 | Lair:2   | Noticed a death yak
  9741 | Lair:2   | Killed a death yak
  9742 | Lair:2   | 9742 ||| Stepping ~*~*~tactically~*~*~ (outnumbered).
  9743 | Lair:2   | 9743 ||| Stepping ~*~*~tactically~*~*~ (outnumbered).
  9744 | Lair:2   | 9744 ||| Stepping ~*~*~tactically~*~*~ (outnumbered).
  9745 | Lair:2   | 9745 ||| Stepping ~*~*~tactically~*~*~ (outnumbered).
  9746 | Lair:2   | 9746 ||| Stepping ~*~*~tactically~*~*~ (outnumbered).
  9747 | Lair:2   | 9747 ||| Stepping ~*~*~tactically~*~*~ (outnumbered).
  9749 | Lair:2   | 9749 ||| Stepping ~*~*~tactically~*~*~ (outnumbered).
  9752 | Lair:2   | 9752 ||| Stepping ~*~*~tactically~*~*~ (outnumbered).
  9753 | Lair:2   | 9753 ||| Stepping ~*~*~tactically~*~*~ (outnumbered).
  9754 | Lair:2   | 9754 ||| Stepping ~*~*~tactically~*~*~ (outnumbered).
  9756 | Lair:2   | 9756 ||| Stepping ~*~*~tactically~*~*~ (outnumbered).
  9757 | Lair:2   | 9757 ||| Stepping ~*~*~tactically~*~*~ (outnumbered).
  9758 | Lair:2   | 9758 ||| Stepping ~*~*~tactically~*~*~ (outnumbered).
  9759 | Lair:2   | 9759 ||| Stepping ~*~*~tactically~*~*~ (outnumbered).
  9760 | Lair:2   | 9760 ||| Stepping ~*~*~tactically~*~*~ (outnumbered).
  9761 | Lair:2   | 9761 ||| Stepping ~*~*~tactically~*~*~ (outnumbered).
  9762 | Lair:2   | 9762 ||| Stepping ~*~*~tactically~*~*~ (outnumbered).
  9764 | Lair:2   | 9764 ||| Stepping ~*~*~tactically~*~*~ (outnumbered).
  9768 | Lair:2   | 9768 ||| Stepping ~*~*~tactically~*~*~ (outnumbered).
  9770 | Lair:2   | 9770 ||| Stepping ~*~*~tactically~*~*~ (outnumbered).
  9771 | Lair:2   | 9771 ||| Stepping ~*~*~tactically~*~*~ (outnumbered).
  9772 | Lair:2   | 9772 ||| Stepping ~*~*~tactically~*~*~ (outnumbered).
  9773 | Lair:2   | 9773 ||| Stepping ~*~*~tactically~*~*~ (outnumbered).
  9774 | Lair:2   | 9774 ||| Stepping ~*~*~tactically~*~*~ (outnumbered).
  9775 | Lair:2   | 9775 ||| Stepping ~*~*~tactically~*~*~ (outnumbered).
  9776 | Lair:2   | 9776 ||| Stepping ~*~*~tactically~*~*~ (outnumbered).
  9777 | Lair:2   | 9777 ||| Stepping ~*~*~tactically~*~*~ (outnumbered).
  9778 | Lair:2   | 9778 ||| Stepping ~*~*~tactically~*~*~ (outnumbered).
  9779 | Lair:2   | 9779 ||| Stepping ~*~*~tactically~*~*~ (outnumbered).
  9782 | Lair:2   | 9782 ||| Stepping ~*~*~tactically~*~*~ (outnumbered).
  9784 | Lair:2   | 9784 ||| Stepping ~*~*~tactically~*~*~ (outnumbered).
  9786 | Lair:2   | Killed a death yak
  9787 | Lair:2   | Reached skill level 3 in Armour
  9788 | Lair:2   | 9788 ||| Stepping ~*~*~tactically~*~*~ (outnumbered).
  9793 | Lair:2   | 9793 ||| Stepping ~*~*~tactically~*~*~ (outnumbered).
  9794 | Lair:2   | 9794 ||| Stepping ~*~*~tactically~*~*~ (outnumbered).
  9795 | Lair:2   | 9795 ||| Stepping ~*~*~tactically~*~*~ (outnumbered).
  9796 | Lair:2   | 9796 ||| Stepping ~*~*~tactically~*~*~ (outnumbered).
  9797 | Lair:2   | 9797 ||| Stepping ~*~*~tactically~*~*~ (outnumbered).
  9798 | Lair:2   | 9798 ||| Stepping ~*~*~tactically~*~*~ (outnumbered).
  9799 | Lair:2   | 9799 ||| Stepping ~*~*~tactically~*~*~ (outnumbered).
  9800 | Lair:2   | 9800 ||| Stepping ~*~*~tactically~*~*~ (outnumbered).
  9803 | Lair:2   | Killed a death yak
  9804 | Lair:2   | Killed a death yak
  9809 | Lair:2   | Killed a death yak
  9810 | Lair:2   | HP: 21/109 [death yak (15)]
  9811 | Lair:2   | 9811 ||| READING scroll of teleportation.
  9811 | Lair:2   | HP: 1/109 [death yak (15)]
  9812 | Lair:2   | 9812 ||| DRINKING 2 potions of heal wounds.
  9813 | Lair:2   | 9813 ||| DRINKING potion of heal wounds.
  9814 | Lair:2   | Killed a death yak
  9815 | Lair:2   | Reached XP level 12. HP: 38/118 MP: 12/12
  9820 | Lair:2   | 9820 ||| FLEEEEING.
  9821 | Lair:2   | 9821 ||| FLEEEEING.
  9822 | Lair:2   | 9822 ||| FLEEEEING.
  9823 | Lair:2   | 9823 ||| FLEEEEING.
  9824 | Lair:2   | 9824 ||| FLEEEEING.
  9825 | Lair:2   | 9825 ||| STAIRDANCE
  9894 | Lair:2   | Noticed a catoblepas
  9895 | Lair:2   | 9895 ||| Stepping ~*~*~tactically~*~*~ (stealth).
  9897 | Lair:2   | 9897 ||| Stepping ~*~*~tactically~*~*~ (stealth).
  9898 | Lair:2   | 9898 ||| INVOKING Fiery Armour.
  9899 | Lair:2   | 9899 ||| Stepping ~*~*~tactically~*~*~ (hiding).
  9906 | Lair:2   | 9906 ||| Stepping ~*~*~tactically~*~*~ (cloud).
  9909 | Lair:2   | Killed a catoblepas
  9949 | Lair:2   | 9949 ||| Stepping ~*~*~tactically~*~*~ (stealth).
  9950 | Lair:2   | 9950 ||| Stepping ~*~*~tactically~*~*~ (stealth).
  9951 | Lair:2   | 9951 ||| Stepping ~*~*~tactically~*~*~ (stealth).
  9954 | Lair:2   | 9954 ||| Stepping ~*~*~tactically~*~*~ (stealth).
  9962 | Lair:2   | 9962 ||| Stepping ~*~*~tactically~*~*~ (stealth).
 10017 | Lair:2   | 10017 ||| Stepping ~*~*~tactically~*~*~ (stealth).
 10096 | Lair:2   | 10096 ||| Stepping ~*~*~tactically~*~*~ (stealth).
 10101 | Lair:2   | 10101 ||| Stepping ~*~*~tactically~*~*~ (stealth).
 10104 | Lair:2   | 10104 ||| Stepping ~*~*~tactically~*~*~ (hiding).
 10298 | Lair:2   | 10298 ||| Stepping ~*~*~tactically~*~*~ (stealth).
 10327 | Lair:2   | Noticed a catoblepas
 10328 | Lair:2   | 10328 ||| Stepping ~*~*~tactically~*~*~ (stealth).
 10348 | Lair:2   | 10348 ||| Stepping ~*~*~tactically~*~*~ (outnumbered).
 10349 | Lair:2   | 10349 ||| Stepping ~*~*~tactically~*~*~ (outnumbered).
 10351 | Lair:2   | 10351 ||| Stepping ~*~*~tactically~*~*~ (outnumbered).
 10352 | Lair:2   | 10352 ||| Stepping ~*~*~tactically~*~*~ (stealth).
 10353 | Lair:2   | 10353 ||| Stepping ~*~*~tactically~*~*~ (outnumbered).
 10354 | Lair:2   | 10354 ||| INVOKING Fiery Armour.
 10355 | Lair:2   | 10355 ||| Stepping ~*~*~tactically~*~*~ (outnumbered).
 10356 | Lair:2   | 10356 ||| Stepping ~*~*~tactically~*~*~ (outnumbered).
 10357 | Lair:2   | 10357 ||| Stepping ~*~*~tactically~*~*~ (outnumbered).
 10358 | Lair:2   | 10358 ||| Stepping ~*~*~tactically~*~*~ (outnumbered).
 10359 | Lair:2   | 10359 ||| Stepping ~*~*~tactically~*~*~ (outnumbered).
 10360 | Lair:2   | 10360 ||| Stepping ~*~*~tactically~*~*~ (outnumbered).
 10361 | Lair:2   | 10361 ||| Stepping ~*~*~tactically~*~*~ (outnumbered).
 10362 | Lair:2   | 10362 ||| Stepping ~*~*~tactically~*~*~ (outnumbered).
 10363 | Lair:2   | 10363 ||| Stepping ~*~*~tactically~*~*~ (outnumbered).
 10364 | Lair:2   | 10364 ||| Stepping ~*~*~tactically~*~*~ (outnumbered).
 10365 | Lair:2   | 10365 ||| Stepping ~*~*~tactically~*~*~ (outnumbered).
 10366 | Lair:2   | 10366 ||| Stepping ~*~*~tactically~*~*~ (outnumbered).
 10368 | Lair:2   | 10368 ||| Stepping ~*~*~tactically~*~*~ (outnumbered).
 10369 | Lair:2   | 10369 ||| STAIRDANCE
 10371 | Lair:1   | 10371 ||| Stepping ~*~*~tactically~*~*~ (outnumbered).
 10372 | Lair:1   | 10372 ||| Stepping ~*~*~tactically~*~*~ (outnumbered).
 10373 | Lair:1   | 10373 ||| Stepping ~*~*~tactically~*~*~ (outnumbered).
 10374 | Lair:1   | 10374 ||| Stepping ~*~*~tactically~*~*~ (outnumbered).
 10375 | Lair:1   | 10375 ||| Stepping ~*~*~tactically~*~*~ (outnumbered).
 10376 | Lair:1   | 10376 ||| Stepping ~*~*~tactically~*~*~ (outnumbered).
 10379 | Lair:1   | Reached skill level 17 in Unarmed Combat
 10406 | Lair:1   | 10406 ||| DROPPING ring of positive energy.
 10503 | Lair:2   | Noticed a seven-headed hydra
 10504 | Lair:2   | 10504 ||| INVOKING Fiery Armour.
 10511 | Lair:2   | Killed a nine-headed hydra
 10763 | Lair:3   | 10763 ||| INVOKING Fiery Armour.
 10766 | Lair:3   | 10766 ||| STAIRDANCE
 10768 | Lair:2   | 10768 ||| PLANNING CONVERSION TO OKAWARU
 10779 | Lair:2   | 10779 ||| Stepping ~*~*~tactically~*~*~ (cloud).
 10784 | Lair:2   | 10784 ||| Stepping ~*~*~tactically~*~*~ (cloud).
 10786 | Lair:2   | Killed a catoblepas
 10908 | D:9      | Fell from the grace of Ignis
 10908 | D:9      | Became a worshipper of Warmaster Okawaru
 10909 | D:9      | 10909 ||| PLANNING LAIR
 11013 | Lair:3   | 11013 ||| STAIRDANCE
 11038 | Lair:3   | 11038 ||| STAIRDANCE
 11078 | Lair:3   | 11078 ||| Stepping ~*~*~tactically~*~*~ (stealth).
 11100 | Lair:3   | Noticed a five-headed hydra
 11106 | Lair:3   | Killed a seven-headed hydra
 11107 | Lair:3   | Reached skill level 18 in Unarmed Combat
 11119 | Lair:3   | You fall into a shaft and drop 2 floors!
 11119 | Lair:5   | Entered Level 5 of the Lair of Beasts
 11127 | Lair:5   | 11127 ||| Stepping ~*~*~tactically~*~*~ (stealth).
 11134 | Lair:5   | Reached * piety under Okawaru
 11135 | Lair:5   | 11135 ||| INVOKING Heroism.
 11144 | Lair:5   | Reached skill level 1 in Invocations
 11149 | Lair:5   | 11149 ||| INVOKING Heroism.
 11159 | Lair:5   | HP: 28/118 [cane toad (17)]
 11271 | Lair:4   | 11271 ||| INVOKING Heroism.
 11392 | Lair:4   | 11392 ||| Stepping ~*~*~tactically~*~*~ (outnumbered).
 11431 | Lair:4   | Found a runed translucent door.
 11431 | Lair:4   | Found a viscous altar of Jiyva.
 11437 | Lair:4   | Found a staircase to the Slime Pits.
 11442 | Lair:4   | 11442 ||| Stepping ~*~*~tactically~*~*~ (stealth).
 11445 | Lair:4   | 11445 ||| INVOKING Heroism.
 11487 | Lair:3   | 11487 ||| INVOKING Heroism.
 11488 | Lair:3   | 11488 ||| Stepping ~*~*~tactically~*~*~ (stealth).
 11512 | Lair:3   | 11512 ||| Stepping ~*~*~tactically~*~*~ (stealth).
 11545 | Lair:3   | Noticed Fannar
 11547 | Lair:3   | 11547 ||| Stepping ~*~*~tactically~*~*~ (hiding).
 11549 | Lair:3   | 11549 ||| INVOKING Heroism.
 11554 | Lair:3   | 11554 ||| Stepping ~*~*~tactically~*~*~ (outnumbered).
 11557 | Lair:3   | Reached skill level 3 in Invocations
 11557 | Lair:3   | Killed Fannar
 11564 | Lair:3   | Reached ** piety under Okawaru
 11570 | Lair:3   | Reached XP level 13. HP: 104/127 MP: 12/14
 11570 | Lair:3   | 11570 ||| INVOKING Heroism.
 11609 | Lair:3   | 11609 ||| INVOKING Heroism.
 11740 | Lair:3   | Found a staircase to the Swamp.
 11756 | Lair:3   | Found a staircase to the Snake Pit.
 11758 | Lair:3   | 11758 ||| INVOKING Heroism.
 11861 | Lair:3   | 11861 ||| Stepping ~*~*~tactically~*~*~ (stealth).
 11862 | Lair:3   | 11862 ||| Stepping ~*~*~tactically~*~*~ (stealth).
 11867 | Lair:3   | 11867 ||| INVOKING Heroism.
 11903 | Lair:3   | 11903 ||| Stepping ~*~*~tactically~*~*~ (stealth).
 11904 | Lair:3   | 11904 ||| INVOKING Heroism.
 12233 | Lair:3   | 12233 ||| DROPPING +1 robe of willpower.
 12234 | Lair:3   | 12234 ||| DROPPING +2 robe of positive energy.
 12235 | Lair:3   | 12235 ||| UPGRADING to ring of see invisible.
 12246 | Lair:4   | 12246 ||| STAIRDANCE
 12248 | Lair:3   | 12248 ||| INVOKING Heroism.
 12373 | Lair:4   | 12373 ||| STAIRDANCE
 12375 | Lair:3   | 12375 ||| INVOKING Heroism.
 12422 | Lair:4   | 12422 ||| INVOKING Heroism.
 12467 | Lair:4   | 12467 ||| Stepping ~*~*~tactically~*~*~ (stealth).
 12471 | Lair:4   | 12471 ||| INVOKING Heroism.
 12480 | Lair:4   | 12480 ||| Stepping ~*~*~tactically~*~*~ (outnumbered).
 12481 | Lair:4   | 12481 ||| Stepping ~*~*~tactically~*~*~ (outnumbered).
 12482 | Lair:4   | 12482 ||| Stepping ~*~*~tactically~*~*~ (outnumbered).
 12483 | Lair:4   | 12483 ||| Stepping ~*~*~tactically~*~*~ (outnumbered).
 12591 | Lair:4   | 12591 ||| INVOKING Heroism.
 12592 | Lair:4   | 12592 ||| Stepping ~*~*~tactically~*~*~ (cloud).
 12603 | Lair:4   | 12603 ||| Stepping ~*~*~tactically~*~*~ (cloud).
 12831 | Lair:4   | Found a runed translucent gate.
 12832 | Lair:4   | Found a runed translucent gate.
 12833 | Lair:4   | Found a runed translucent gate.
 12835 | Lair:4   | Noticed qw's ghost (journeyman TrCA)
 12840 | Lair:4   | 12840 ||| INVOKING Heroism.
 12859 | Lair:4   | Reached *** piety under Okawaru
 12863 | Lair:4   | 12863 ||| INVOKING Heroism.
 13163 | Lair:4   | 13163 ||| READING 2 scrolls of teleportation.
 13291 | Lair:5   | 13291 ||| INVOKING Heroism.
 13295 | Lair:5   | 13295 ||| Stepping ~*~*~tactically~*~*~ (stealth).
 13305 | Lair:5   | 13305 ||| Stepping ~*~*~tactically~*~*~ (outnumbered).
 13307 | Lair:5   | Reached skill level 19 in Unarmed Combat
 13308 | Lair:5   | 13308 ||| INVOKING Heroism.
 13374 | Lair:5   | 13374 ||| INVOKING Heroism.
 13400 | Lair:5   | 13400 ||| FLEEEEING.
 13401 | Lair:5   | 13401 ||| FLEEEEING.
 13402 | Lair:5   | 13402 ||| FLEEEEING.
 13404 | Lair:5   | 13404 ||| FLEEEEING.
 13405 | Lair:5   | 13405 ||| FLEEEEING.
 13406 | Lair:5   | 13406 ||| STAIRDANCE
 13512 | Lair:5   | 13512 ||| INVOKING Heroism.
 13586 | Lair:5   | 13586 ||| INVOKING Heroism.
 13592 | Lair:5   | Reached **** piety under Okawaru
 13593 | Lair:5   | Reached skill level 9 in Fighting
 13647 | Lair:5   | 13647 ||| INVOKING Heroism.
 13705 | Lair:5   | 13705 ||| Stepping ~*~*~tactically~*~*~ (stealth).
 13744 | Lair:5   | Received a gift from Okawaru
 13801 | Lair:5   | 13801 ||| INVOKING Heroism.
 13829 | Lair:5   | Received a gift from Okawaru
 13833 | Lair:5   | Reached skill level 6 in Throwing
 13845 | Lair:5   | 13845 ||| INVOKING Heroism.
 13931 | Lair:5   | 13931 ||| Stepping ~*~*~tactically~*~*~ (stealth).
 13932 | Lair:5   | 13932 ||| Stepping ~*~*~tactically~*~*~ (stealth).
 13938 | Lair:5   | 13938 ||| INVOKING Heroism.
 14079 | Lair:5   | Found a runed translucent door.
 14079 | Lair:5   | Found a shimmering altar of Xom.
 14079 | Lair:5   | Noticed qw's ghost (journeyman TrCA)
 14080 | Lair:5   | 14080 ||| INVOKING Heroism.
 14083 | Lair:5   | Reached XP level 14. HP: 140/140 MP: 14/17
 14092 | Lair:5   | Reached ***** piety under Okawaru
 14092 | Lair:5   | Received a gift from Okawaru
 14093 | Lair:5   | 14093 ||| INVOKING Finesse.
 14094 | Lair:5   | 14094 ||| Stepping ~*~*~tactically~*~*~ (outnumbered).
 14095 | Lair:5   | 14095 ||| Stepping ~*~*~tactically~*~*~ (outnumbered).
 14096 | Lair:5   | 14096 ||| Stepping ~*~*~tactically~*~*~ (outnumbered).
 14097 | Lair:5   | 14097 ||| Stepping ~*~*~tactically~*~*~ (outnumbered).
 14098 | Lair:5   | 14098 ||| Stepping ~*~*~tactically~*~*~ (outnumbered).
 14099 | Lair:5   | 14099 ||| Stepping ~*~*~tactically~*~*~ (outnumbered).
 14100 | Lair:5   | 14100 ||| INVOKING Heroism.
 14101 | Lair:5   | 14101 ||| Stepping ~*~*~tactically~*~*~ (outnumbered).
 14102 | Lair:5   | 14102 ||| Stepping ~*~*~tactically~*~*~ (outnumbered).
 14103 | Lair:5   | 14103 ||| Stepping ~*~*~tactically~*~*~ (outnumbered).
 14107 | Lair:5   | Reached skill level 6 in Invocations
 14110 | Lair:5   | 14110 ||| Stepping ~*~*~tactically~*~*~ (outnumbered).
 14111 | Lair:5   | 14111 ||| Stepping ~*~*~tactically~*~*~ (outnumbered).
 14112 | Lair:5   | 14112 ||| Stepping ~*~*~tactically~*~*~ (outnumbered).
 14116 | Lair:5   | 14116 ||| Stepping ~*~*~tactically~*~*~ (outnumbered).
 14117 | Lair:5   | 14117 ||| Stepping ~*~*~tactically~*~*~ (outnumbered).
 14118 | Lair:5   | 14118 ||| Stepping ~*~*~tactically~*~*~ (outnumbered).
 14121 | Lair:5   | 14121 ||| Stepping ~*~*~tactically~*~*~ (outnumbered).
 14242 | Lair:5   | 14242 ||| INVOKING Heroism.
 14531 | Lair:5   | 14531 ||| DROPPING +1 robe of cold resistance.
 14532 | Lair:5   | 14532 ||| PLANNING D:1-11
 14532 | Lair:5   | 14532 ||| DROPPING amulet of faith.
 14533 | Lair:5   | 14533 ||| READING scroll labelled GOLAENYANT.
 14708 | D:11     | Identified the +7 trident of the Unseen Realm {vorpal,
                  | Dex+7}
 14821 | D:11     | Noticed Harold
 14822 | D:11     | 14822 ||| Stepping ~*~*~tactically~*~*~ (hiding).
 14833 | D:11     | Killed Harold
 14878 | D:11     | 14878 ||| Stepping ~*~*~tactically~*~*~ (hiding).
 14879 | D:11     | 14879 ||| Stepping ~*~*~tactically~*~*~ (hiding).
 14958 | D:11     | 14958 ||| INVOKING Heroism.
 15100 | D:11     | 15100 ||| Stepping ~*~*~tactically~*~*~ (stealth).
 15104 | D:11     | 15104 ||| Stepping ~*~*~tactically~*~*~ (stealth).
 15180 | D:11     | 15180 ||| Stepping ~*~*~tactically~*~*~ (stealth).
 15183 | D:11     | 15183 ||| Stepping ~*~*~tactically~*~*~ (stealth).
 15185 | D:11     | 15185 ||| Stepping ~*~*~tactically~*~*~ (stealth).
 15192 | D:11     | 15192 ||| Stepping ~*~*~tactically~*~*~ (stealth).
 15238 | D:11     | 15238 ||| INVOKING Heroism.
 15251 | D:11     | 15251 ||| Stepping ~*~*~tactically~*~*~ (outnumbered).
 15252 | D:11     | 15252 ||| Stepping ~*~*~tactically~*~*~ (outnumbered).
 15252 | D:11     | Noticed Lodul
 15253 | D:11     | 15253 ||| INVOKING Finesse.
 15254 | D:11     | 15254 ||| Stepping ~*~*~tactically~*~*~ (outnumbered).
 15255 | D:11     | 15255 ||| Stepping ~*~*~tactically~*~*~ (outnumbered).
 15256 | D:11     | 15256 ||| Stepping ~*~*~tactically~*~*~ (outnumbered).
 15257 | D:11     | 15257 ||| Stepping ~*~*~tactically~*~*~ (outnumbered).
 15258 | D:11     | 15258 ||| Stepping ~*~*~tactically~*~*~ (outnumbered).
 15259 | D:11     | 15259 ||| Stepping ~*~*~tactically~*~*~ (outnumbered).
 15260 | D:11     | 15260 ||| Stepping ~*~*~tactically~*~*~ (outnumbered).
 15261 | D:11     | 15261 ||| Stepping ~*~*~tactically~*~*~ (outnumbered).
 15262 | D:11     | 15262 ||| Stepping ~*~*~tactically~*~*~ (outnumbered).
 15263 | D:11     | 15263 ||| Stepping ~*~*~tactically~*~*~ (outnumbered).
 15264 | D:11     | 15264 ||| Stepping ~*~*~tactically~*~*~ (outnumbered).
 15267 | D:11     | 15267 ||| INVOKING Heroism.
 15276 | D:11     | HP: 23/136 [ogre/+0 giant club[Lodul] (17)]
 15277 | D:11     | 15277 ||| READING scroll of teleportation.
 15282 | D:11     | 15282 ||| Stepping ~*~*~tactically~*~*~ (outnumbered).
 15282 | D:11     | HP: 10/136 [ogre/+0 giant club[Lodul] (10)]
 15287 | D:11     | Mangled by Lodul

Levels and vault maps discovered:
D:1:      lightli_arrival_maybe_door_vault, layout_basic,
          minmay_gold_behind_fungi, grunt_decor_mini_mirrors
D:2:      layout_basic, serial_forest, infiniplex_forest_end_2,
          infiniplex_forest_end_double, infiniplex_forest_clump_C,
          infiniplex_forest_lined_3, infiniplex_forest_straight_3, basic_altar,
          bh_walls_and_bars, uniq_terence
D:3:      kennysheep_six_static_rooms, layout_rooms,
          shapermc_ecumenical_altar_venn, minmay_circle_x
D:4:      layout_basic, minmay_temple_entry_nine_rooms, serial_corexii_hall,
          corexii_hall_statues_deadend, corexii_hall_statues_l,
          corexii_hall_statues_l, corexii_hall_statues_deadend,
          corexii_hall_statues_l, chequers_hall_statues_y
D:5:      layout_rooms, nicolae_uskayaw_murder_on_the_dancefloor, hex_medium
D:6:      layout_gridville, serial_co_window_serial, co_window_paths_a,
          co_window_corner_a, co_window_paths_a, co_window_of_opportunity_a,
          co_window_corner_a, co_window_paths_a, co_window_corner_a,
          co_window_of_opportunity_a, co_window_paths_a, co_window_paths_c,
          co_window_unsneaky_path_d, co_window_cross_3, co_window_broadway_b,
          co_window_paths_d, co_window_paths_e, glass_columns_a,
          glass_columns_b, glass_columns_b, glass_columns_b, glass_columns_a,
          corexii_corridor_pit, uniq_blork_the_orc, uniq_prince_ribbit1,
          uniq_eustachio
D:7:      layout_gridville, mainiacjoe_overflow_divided_tiny
D:8:      erik_cavepeople, layout_loops_ring, mainiacjoe_overflow_paths,
          worldfamousw_hep_ancestral_shrine
D:9:      layout_roguey, kennysheep_okawaru_gauntlet, serial_curves,
          eino_curves_03, eino_curves_01, uniq_psyche
D:10:     layout_loops_ring, amcnicky_altar_gilded, lair_entry_dummy,
          kennysheep_donut, kennysheep_diamond, pond
D:11:     layout_basic, erik_orc_4, uniq_lodul, uniq_harold
Lair:1:   layout_regular_city, serial_forest, infiniplex_forest_lined_2,
          infiniplex_forest_clump_tiny, infiniplex_forest_clump_large,
          infiniplex_forest_straight_5, infiniplex_forest_clump_diagonal,
          infiniplex_forest_lined_3, infiniplex_forest_3_way,
          infiniplex_forest_lined_2, grunt_megastairs_2
Lair:2:   layout_chaotic_city, beast_lair_carwin_10
Lair:3:   layout_gridlike, swamp_mist_pool, minmay_snake_entry_guardpost_small,
          grunt_megastairs_3, uniq_fannar
Lair:4:   layout_cave_shapes, slime_entry_2, ebering_ghost_rock_garden,
          minivault_27
Lair:5:   grunt_lair_end_beastmaster, layout_small_grid, ebering_ghost_xom,
          infiniplex_staircase_pool

Skill      XL: |  1  2  3  4  5  6  7  8  9 10 11 12 13 14 |
---------------+-------------------------------------------+-----
Unarmed Combat | 4 5 6 7 9 10 12 14 16 18 19 | 19.4
Throwing       | 2 3 4 5 6 |  6.8
Fighting       | 3 4 5 6 7 8 9 |  9.1
Dodging        | 1 |  1.0
Armour         | 4 5 |  5.0
Invocations    | 3 5 7 |  7.1
Spellcasting   | |  1.0
Fire Magic     | |  2.1

Action                   |  1- 3 |  4- 6 |  7- 9 | 10-12 | 13-15 || total
-------------------------+-------+-------+-------+-------+-------++-------
Melee: Unarmed           |   101 |    68 |   207 |   365 |   322 ||  1063
       Punch             |     3 |     1 |     5 |    19 |    22 ||    50
Throw: Boomerang         |    12 |    34 |     6 |    75 |    78 ||   205
       Javelin           |       |     4 |    33 |    40 |    20 ||    97
       Large rock        |       |       |       |       |    21 ||    21
Invok: Fiery Armour      |       |     2 |     3 |     8 |       ||    13
       Heroism           |       |       |       |     6 |    27 ||    33
       Finesse           |       |       |       |       |     2 ||     2
  Use: Scroll            |     3 |    11 |     8 |     7 |     3 ||    32
       Potion            |     3 |     2 |       |     2 |       ||     7
 Stab: Distracted        |       |       |       |     1 |       ||     1
Armor: Robe              |    31 |    35 |   112 |    53 |       ||   231
       Ice dragon scales |       |       |       |   115 |   153 ||   268
Dodge: Dodged            |    41 |    16 |   115 |   117 |    79 ||   368
Block: Other             |       |       |       |    35 |    41 ||    76

Table legend:
 A = Non-vault XP
 B = Vault XP
 C = Vault XP percentage of total XP
 D = Non-vault monster count
 E = Vault monster count
 F = Vault count percentage of total count
                 A         B        C        D         E       F
            +---------+---------+-------+---------+---------+-------
      Total |   56484 |   18640 |  24.8 |     325 |      82 |  20.1
            +---------+---------+-------+---------+---------+-------
        D:1 |      27 |       0 |   0.0 |      19 |       0 |   0.0
        D:2 |      20 |      36 |  64.3 |      11 |       1 |   8.3
        D:3 |      29 |      35 |  54.7 |       9 |      13 |  59.1
        D:4 |     340 |       0 |   0.0 |       9 |       0 |   0.0
        D:5 |     642 |       0 |   0.0 |      32 |       0 |   0.0
        D:6 |     787 |     568 |  41.9 |      23 |       3 |  11.5
        D:7 |    1057 |       0 |   0.0 |      30 |       0 |   0.0
        D:8 |    1995 |    2774 |  58.2 |      18 |      19 |  51.4
        D:9 |     964 |     360 |  27.2 |      18 |       1 |   5.3
       D:10 |    1913 |    1431 |  42.8 |      16 |       7 |  30.4
       D:11 |    4304 |    1298 |  23.2 |      15 |       5 |  25.0
     Lair:1 |    4476 |     461 |   9.3 |      10 |       2 |  16.7
     Lair:2 |   11864 |    1176 |   9.0 |      25 |       9 |  26.5
     Lair:3 |    6547 |    1950 |  22.9 |      25 |       6 |  19.4
     Lair:4 |    6101 |       0 |   0.0 |      25 |       0 |   0.0
     Lair:5 |   15418 |    8551 |  35.7 |      40 |      16 |  28.6
            +---------+---------+-------+---------+---------+-------
